 Dungeon Crawl Stone Soup version 0.30-a0-923-g828ccac5a3 (webtiles) character file.

Game seed: 10231647172457320145

138 CrazyBamboolord the Insei (level 5, 0/38 HPs)
             Began as a Merfolk Transmuter on Mar 22, 2023.
             Killed by nerve-wracking pain
             ... invoked by Grinder
              (14 damage)
             ... on level 3 of the Dungeon.
             The game lasted 00:06:04 (2676 turns).

CrazyBamboolord the Insei (Merfolk Transmuter)      Turns: 2676, Time: 00:06:05

Health: 0/38       AC:  6    Str: 10    XL:     5   Next: 21%
Magic:  8/9        EV: 12    Int: 20    God:
Gold:   18         SH:  0    Dex: 15    Spells: 3/9 levels left

rFire   . . .      SeeInvis .      - Unarmed
rCold   . . .      Faith    .    (no shield)
rNeg    . . .      Spirit   .    u - +3 leather armour
rPois   .          Reflect  .    (helmet currently unavailable)
rElec   .          Rampage  .    (no cloak)
rCorr   .                        (no gloves)
Will    .....                    j - melded +0 pair of boots
Stlth   +                        (no amulet)
HPRegen 0.26/turn                g - +4 ring of slaying
MPRegen 0.11/turn                n - +6 ring of intelligence

@: appendages
A: horns 2, (nimble swimmer 2), mertail
a: End Transformation


You were on level 3 of the Dungeon.
You had temporarily grown beastly horns.
You visited 1 branch of the dungeon, and saw 3 of its levels.

You collected 132 gold pieces.
You spent 114 gold pieces at shops.

Inventory:

Armour
 j - a +0 pair of boots (melded)
 t - the +18 Lear's hauberk
   (You found it on level 3 of the Dungeon)
 u - a +3 leather armour (worn)
Jewellery
 g - a +4 ring of slaying (left hand)
 n - a +6 ring of intelligence (right hand)
 q - the ring of Yjofel {rF- EV+5 Dex+3 SInv}
   (You bought it in a shop on level 1 of the Dungeon)

   [ring of evasion]

   EV:        It affects your evasion (+5).
   Dex:       It affects your dexterity (+3).
   rF:        It makes you vulnerable to fire.
   SInv:      It lets you see invisible.
Wands
 o - a wand of acid (9)
Scrolls
 f - a scroll of blinking
 h - a scroll of enchant weapon
 i - 3 scrolls of fog
 k - 2 scrolls of summoning {unknown}
 l - 3 scrolls of poison {unknown}
 p - a scroll of enchant armour {unknown}
 r - a scroll of identify
 s - a scroll of vulnerability {unknown}
Potions
 b - a potion of lignification
 c - 2 potions of mutation
 d - a potion of heal wounds {unknown}
 e - a potion of haste
 m - a potion of attraction {unknown}


   Skills:
 * Level 2.1 Fighting
 * Level 3.3 Dodging
 + Level 0.4 Stealth
 * Level 4.5 Unarmed Combat
 * Level 2.7 Spellcasting
 * Level 3.5 Transmutations
 * Level 1.2 Poison Magic


You had 3 spell levels left.
You knew the following spells:

 Your Spells              Type           Power      Damage    Failure   Level
a - Beastly Appendage     Tmut           32%        N/A       4%          1
b - Wereblood             Tmut           16%        N/A       7%          2
c - Spider Form           Tmut/Pois      12%        N/A       22%         3

Your spell library contained the following spells:

 Spells                   Type           Power      Damage    Failure   Level
 Summon Small Mammal      Summ           8%         N/A       21%         1
 Call Canine Familiar     Summ           2%         N/A       52%         3
 Summon Guardian Golem    Hex/Summ       2%         N/A       52%         3
 Ice Form                 Ice/Tmut       9%         N/A       67%         4


Dungeon Overview and Level Annotations

Branches:
Dungeon (3/15)

Altars:
Vehumet

Shops:
D:1 *=!

Annotations:
D:3 Grinder


Innate Abilities, Weirdness & Mutations

You have temporarily grown beastly horns.
((You are very nimble when in or above water. (Stealth+, EV+, Speed+++)))
Your lower body shifts to a powerful aquatic tail in water.


Message History

Found a stone staircase leading down.
The endoplasm hits you.
You punch the endoplasm!
You kill the endoplasm!
No target in view!
Your horns disappear.
Your +0 pair of boots unmelds from your body.
Key pressed, stopping explore.
No target in view!
There is a stone staircase leading up here.
Grinder comes into view.
Grinder shouts!
You hear a bark!
Grinder is nearby!
Grinder is nearby!
Casting: Beastly Appendage (safe; 4% risk of failure)
Press: ? - help, Q - select action, (/) - cycle Dir - look around, f - activate You grow a pair of large bovine horns.
Your +0 pair of boots melds into your body.
Casting: Beastly Appendage (safe; 4% risk of failure)
Confirm with . or Enter, or press ? or * to list all spells.
Okay, then.
Grinder gestures at you. You resist with significant effort.
A quokka comes into view.
Found 7 gold pieces.
A jackal comes into view.
The jackal barks!
Grinder hits you.
You writhe in agony.
You hit Grinder. You headbutt Grinder!
Grinder is moderately wounded.
Grinder hits you.
You writhe in agony.
You barely miss Grinder.
Grinder is moderately wounded.
A jackal comes into view.
Grinder hits you.
You writhe in agony.
You are too injured to fight recklessly!
The quokka attacks as you move away! The quokka bites you. x2
Grinder gestures at you. Pain shoots through your body!
You die...

#.# #.#### #....# #######
###....# #.....#+## ..
.......#####........# ...
.....<..............# ....
....................##....
......................#...
..###..........#@.......##
#.............##..r.......
###...........##..5.....$.
###...........####........
..#............ .........
..#............ ..........
..#........>## ...........
..# ........++#. ..#
.....#...#


You could see Grinder and a quokka.

Vanquished Creatures
  An orc wizard (D:3)
  3 adders (D:2)
  3 worms (D:2)
  A dart slug (D:1)
  3 orcs (D:3)
  6 ball pythons
  11 endoplasms
  A giant cockroach (D:1)
  7 goblins
  7 hobgoblins
  6 jackals
  3 quokkas (D:1)
  2 bats
  2 frilled lizards
  4 kobolds
  5 rats
65 creatures vanquished.

Notes
Turn   | Place    | Note
-------+----------+-------------------------------------------
     0 | D:1      | CrazyBamboolord the Merfolk Transmuter began the quest for
                  | the Orb.
     0 | D:1      | Reached XP level 1. HP: 15/15 MP: 3/3
   133 | D:1      | Reached XP level 2. HP: 8/21 MP: 5/5
   254 | D:1      | Found Qeenuor's Distillery.
   590 | D:1      | Found Xec Ero's Jewellery Shoppe.
   606 | D:1      | Found Tofaq's Assorted Antiques.
   824 | D:1      | Reached XP level 3. HP: 26/26 MP: 4/6
   827 | D:1      | Learned a level 2 spell: Wereblood
   831 | D:1      | Learned a level 3 spell: Spider Form
   941 | D:1      | Reached skill level 4 in Unarmed Combat
  1323 | D:2      | Found a radiant altar of Vehumet.
  1608 | D:2      | Reached XP level 4. HP: 33/33 MP: 5/7
  2043 | D:2      | Reached skill level 1 in Poison Magic
  2370 | D:1      | Bought a scroll labelled HUAG YNAZXO for 19 gold pieces
  2370 | D:1      | Bought a heavily runed glass ring for 95 gold pieces
  2370 | D:1      | Identified the ring of Yjofel {rF- EV+5 Dex+3 SInv} (You
                  | bought it in a shop on level 1 of the Dungeon)
  2456 | D:3      | Reached XP level 5. HP: 29/38 MP: 4/9
  2534 | D:3      | Found a faded altar of an unknown god.
  2573 | D:3      | Found the +18 Lear's hauberk
  2668 | D:3      | Noticed Grinder
  2676 | D:3      | Killed from afar by Grinder

Illustrated notes

Levels and vault maps discovered:
D:1:      dpeg_arrival_arbitrary_a, layout_loops_corners, serial_shops, shop,
          shop, nicolae_shop_trees, minmay_misc_feat_columns
D:2:      layout_loops_ring, basic_altar, minmay_misc_feat_x,
          minmay_joined_circles
D:3:      layout_basic, ebering_ecumenical_altar_hall,
          dreamdust_princess_corridor, uniq_grinder, uniq_ijyb

Skill      XL: |  1  2  3  4 |
---------------+-------------+-----
Transmutations | 3 |  3.5
Unarmed Combat | 4 |  4.5
Dodging        | 3 |  3.3
Poison Magic   | 1 |  1.2
Fighting       | 2 |  2.1
Stealth        | |  0.4
Spellcasting   | |  2.7

Action                     |  1- 3 |  4- 6 || total
---------------------------+-------+-------++-------
  Melee: Unarmed           |   100 |    58 ||   158
         Headbutt          |    16 |    10 ||    26
         Punch             |     4 |       ||     4
   Cast: Beastly Appendage |    27 |    14 ||    41
         Wereblood         |       |     2 ||     2
    Use: Scroll            |     4 |     1 ||     5
   Stab: Sleeping          |     3 |     1 ||     4
 Armour: Robe              |    11 |     3 ||    14
  Dodge: Dodged            |    58 |    20 ||    78

Table legend: (Time is in decaauts)
 A = Elapsed time spent in this place.
 B = Non-inter-level travel time spent in this place.
 C = Inter-level travel time spent in this place.
 D = Time resting spent in this place.
 E = Time spent auto-exploring this place.
 F = Levels seen in this place.
 G = Mean time per level.
                   A        B        C        D        E       F      G
               +--------+--------+--------+--------+--------+-----+--------+
         Total |   2663 |   2464 |    199 |    106 |   1889 |   3 |  887.7 |
       Dungeon |   2663 |   2464 |    199 |    106 |   1889 |   3 |  887.7 |
               +--------+--------+--------+--------+--------+-----+--------+

Top non-repeatable levels by time:
     D:1: 1383 daAuts
     D:2: 1020 daAuts
     D:3: 259 daAuts
